 Dungeon Crawl Stone Soup version 0.31-a0-1202-ga8fea8b373 (webtiles) character file.

Game seed: 11782610798704076491

31619 RuneEnjoyer the Severer (level 13, -1/118 HPs)
             Began as a Hill Orc Fighter on Dec 12, 2023.
             Was the Champion of Okawaru.
             Slain by a skeletal warrior
             ... wielding a +0 halberd
              (12 damage)
             ... on level 13 of the Dungeon.
             The game lasted 00:22:43 (14953 turns).

RuneEnjoyer the Severer (Hill Orc Fighter)         Turns: 14953, Time: 00:22:43

Health: -1/118     AC: 31    Str: 26    XL:     13   Next: 59%
Magic:  11/13      EV: 11    Int: 10    God:    Okawaru [******]
Gold:   482        SH:  8    Dex: 11    Spells: 12/12 levels left

rFire   . . .        B - +6 broad axe (drain)
rCold   + + .        c - +0 buckler
rNeg    . . .        l - +7 chain mail of Midwinter {Str+2 Int+2}
rPois   +            k - +0 helmet
rElec   .            v - +1 cloak {Will+}
rCorr   +            i - +0 pair of gloves
SInv    .            C - +1 pair of boots of Rationality {rPois rC++ Dex-5}
Will    +....        (no amulet) Stlth
                     h - +6 ring of dexterity
HPRegen 0.39/turn    e - ring of resist corrosion
MPRegen 0.13/turn

%: no passive effects
@: heroic
A: no striking features
a: Renounce Religion, Heroism, Finesse, Duel


You were on level 13 of the Dungeon.
You worshipped Okawaru.
Okawaru was exalted by your worship.
You visited 2 branches of the dungeon, and saw 14 of its levels.

You collected 761 gold pieces.
You spent 279 gold pieces at shops.

Inventory:

Hand Weapons
 a - a +0 war axe of flaming
 B - a +6 broad axe of draining (weapon)
Missiles
 u - 2 throwing nets
Armour
 c - a +0 buckler (worn)
 i - a +0 pair of gloves (worn)
 k - a +0 helmet (worn)
 l - the +7 chain mail of Midwinter (worn) {Str+2 Int+2}
   (You found it on level 8 of the Dungeon)

   Str+2:     It affects your strength (+2).
   Int+2:     It affects your intelligence (+2).
 v - a +1 cloak of willpower (worn)
 C - the +1 pair of boots of Rationality (worn) {rPois rC++ Dex-5}
   (Okawaru gifted it to you on level 12 of the Dungeon)

   Dex-5:     It affects your dexterity (-5).
   rC++:      It greatly protects you from cold.
   rPois:     It protects you from poison
Jewellery
 e - a ring of resist corrosion (right hand)
 h - a +6 ring of dexterity (left hand)
 x - a ring of poison resistance
Wands
 n - a wand of paralysis (16)
 r - a wand of iceblast (19)
Scrolls
 b - a scroll of torment
 m - 2 scrolls of enchant armour
 o - a scroll of immolation
 q - a scroll of poison
 t - a scroll of vulnerability
 y - a scroll of fear
 z - a scroll of teleportation
 A - a scroll of blinking
Potions
 d - 2 potions of might
 f - 5 potions of curing
 g - a potion of heal wounds
 j - 3 potions of mutation
 p - 2 potions of haste
 s - 3 potions of enlightenment
 w - 5 potions of lignification


   Skills:
 - Level 12.0(17.0) Fighting
 + Level 16.0(21.0) Axes
 - Level 13.4(18.4) Armour
 - Level 13.5(18.5) Shields


You had 12 spell levels left.
You didn't know any spells.
Your spell library contained the following spells:

 Spells                   Type           Power      Damage    Failure   Level
 Slow                     Hex            0%         N/A       75%         1
 Sublimation of Blood     Necr           0%         N/A       86%         2
 Confusing Touch          Hex            0%         N/A       98%         3
 Dazzling Flash           Conj/Hex       0%         N/A       98%         3
 Sigil of Binding         Hex            0%         N/A       98%         3
 Vampiric Draining        Necr           0%         2d6       98%         3
 Volatile Blastmotes      Fire/Tloc      0%         2d10      98%         3
 Dimensional Bullseye     Hex/Tloc       0%         N/A       100%        4
 Leda's Liquefaction      Hex/Erth       0%         N/A       100%        4
 Conjure Ball Lightning   Conj/Air       0%         3x3d6     100%        6
 Starburst                Conj/Fire      0%         6d3       100%        6
 Discord                  Hex            0%         N/A       100%        8
 Disjunction              Tloc           0%         N/A       100%        8
 Maxwell's Capacitive Co  Air            0%         ∞         100%        8
 Chain Lightning          Conj/Air       0%         N/A       100%        9
 Fire Storm               Conj/Fire      0%         5d1       100%        9
 Shatter                  Erth           0%         3d5*      100%        9
 Call Canine Familiar     Summ           Unusable   N/A       N/A         3
 Animate Dead             Necr           Unusable   N/A       N/A         4
 Simulacrum               Ice/Necr       Unusable   N/A       N/A         6

Dungeon Overview and Level Annotations

Branches:
Dungeon (13/15)            Temple (1/1) D:7            Lair (0/5) D:11
    Orc (0/2) D:12         Vaults (0/5) D:13

Altars:
Ashenzari
Cheibriados
Dithmenos
Elyvilon
Fedhas
Gozag
Hepliaklqana
Kikubaaqudgha
Makhleb
Nemelex Xobeh
Okawaru
Qazlal
Ru
Sif Muna
Trog
Uskayaw
Vehumet
Wu Jian
Xom
Yredelemnul
Zin
The Shining One

Shops:
D:5 *   D:8 [   D:10 !


Message History

The skeletal warrior is lightly damaged.
You barely miss the skeletal warrior.
The skeletal warrior is lightly damaged.
You block the skeletal warrior's attack.
You closely miss the skeletal warrior.
The skeletal warrior is lightly damaged.
The skeletal warrior hits you but does no damage.
The skeletal warrior hits you with a +3 scimitar!
You closely miss the skeletal warrior.
The skeletal warrior is lightly damaged.
The skeletal warrior hits you from afar with a +0 halberd!
* * * LOW HITPOINT WARNING * * *
The skeletal warrior hits you with a +3 scimitar!
* * * LOW HITPOINT WARNING * * *
You gain the combat prowess of a mighty hero.
The skeletal warrior hits you from afar with a +0 halberd.
* * * LOW HITPOINT WARNING * * *
The skeletal warrior hits you with a +3 scimitar.
* * * LOW HITPOINT WARNING * * *
You slash the skeletal warrior!
The skeletal warrior is lightly damaged.
The skeletal warrior hits you from afar with a +0 halberd!
* * * LOW HITPOINT WARNING * * *
You slash the skeletal warrior!
The skeletal warrior is heavily damaged.
You block the skeletal warrior's attack.
Unknown command.
You barely miss the skeletal warrior.
The skeletal warrior is heavily damaged.
You block the skeletal warrior's attack. x2
Unknown command.
You slice the skeletal warrior!!
The skeletal warrior is almost destroyed.
The skeletal warrior hits you but does no damage.
The skeletal warrior misses you.
Unknown command.
You hit the skeletal warrior.
The skeletal warrior is almost destroyed.
The skeletal warrior hits you from afar with a +0 halberd!
You die...

. . ###.
##########.....
########.........###..
#....@zz..........##..
#.######..........##..
#.# ##........<....
#.# #.#..)....#..# #.#
#.#.#...#<...# #.#
###.........[..# #.#
#............... #.#
#.#.#.....####.# #.#
#.#.##>.........


You could see 2 skeletal warriors.

Vanquished Creatures
  A yaktaur captain (D:10)
  A hydra (D:13)
  8 vault guards
  2 centaur warriors (D:13)
  A catoblepas (D:13)
  A boulder beetle (D:11)
  Urug (D:11)
  The ghost of Malachi the Spear-Bearer, a journeyman VSBr (D:10)
  3 skeletal warriors
  A deep elf pyromancer (D:12)
  Pikel (D:3)
  2 oklob plants (D:11)
  An ugly thing (D:11)
  3 cyclopes
  A moth of wrath (D:10)
  4 manticores
  2 gargoyles
  An unseen horror (D:12)
  A yaktaur (D:10)
  Jeremiah (D:9)
  A kobold demonologist (D:11)
  5 trolls
  Sigmund (D:6)
  6 slime creatures
  A shadow (D:10)
  A vampire (D:12)
  4 wyverns
  A wraith (D:13)
  24 yaks
  Grum (D:6)
  2 steam dragons
  5 vampire mosquitoes
  3 acid dragons
  5 water moccasins
  7 orc warriors
  A sky beast (D:6)
  3 ice beasts
  An ogre (D:5)
  7 centaurs
  2 wolves (D:6)
  2 phantoms
  3 lemures (D:3)
  3 bullfrogs (D:8)
  2 kobold brigands (D:10)
  4 scorpions
  4 wights (D:10)
  12 killer bees
  A howler monkey (D:12)
  18 hounds
  2 jellies (D:7)
  A gnoll bouda (D:6)
  14 orc priests
  Jessica (D:3)
  4 iguanas
  12 orc wizards
  A sleepcap (D:4)
  10 gnolls
  7 adders
  3 white imps
  4 ufetubi
  3 worms
  2 dart slugs
  48 orcs
  9 ball pythons
  6 bats
  11 endoplasms
  5 giant cockroaches
  12 goblins
  9 hobgoblins
  2 jackals (D:6)
  19 kobolds
  3 quokkas
  4 frilled lizards
  4 rats
363 creatures vanquished.

Vanquished Creatures (others)
  A killer bee (D:10)
1 creature vanquished.

Grand Total: 364 creatures vanquished

Notes
Turn   | Place    | Note
-------+----------+-------------------------------------------
     0 | D:1      | RuneEnjoyer the Hill Orc Fighter began the quest for the
                  | Orb.
     0 | D:1      | Reached XP level 1. HP: 19/19 MP: 1/1
    21 | D:1      | Reached skill level 3 in Axes
   118 | D:1      | Reached XP level 2. HP: 16/26 MP: 2/2
   274 | D:1      | Reached skill level 4 in Axes
   665 | D:2      | Reached XP level 3. HP: 31/31 MP: 3/3
   923 | D:2      | Found a faded altar of an unknown god.
   960 | D:2      | Reached skill level 5 in Axes
  1336 | D:3      | Reached XP level 4. HP: 28/39 MP: 4/4
  1400 | D:3      | Reached skill level 6 in Axes
  1636 | D:3      | Reached XP level 5. HP: 41/45 MP: 5/5
  1768 | D:3      | Noticed Jessica
  1790 | D:3      | Killed Jessica
  1791 | D:3      | Reached skill level 7 in Axes
  2111 | D:4      | Noticed a lemure
  2111 | D:4      | Noticed a lemure
  2111 | D:4      | Noticed a lemure
  2112 | D:4      | Noticed Pikel
  2112 | D:4      | Noticed a lemure
  2158 | D:3      | Killed a lemure
  2247 | D:4      | Reached skill level 8 in Axes
  2247 | D:4      | Reached XP level 6. HP: 50/51 MP: 6/6
  2272 | D:4      | Found an ancient bone altar of Kikubaaqudgha.
  2493 | D:3      | Killed Pikel
  2494 | D:3      | Reached skill level 11 in Axes
  2494 | D:3      | Reached XP level 7. HP: 15/57 MP: 7/7
  2672 | D:4      | Noticed a steam dragon
  2680 | D:4      | Killed a steam dragon
  2681 | D:4      | Reached XP level 8. HP: 53/64 MP: 8/8
  3112 | D:5      | Entered Level 5 of the Dungeon
  3134 | D:5      | Reached skill level 5 in Armour
  3354 | D:5      | Found an opulent altar of Gozag.
  3857 | D:5      | Found a blossoming altar of Fedhas.
  4028 | D:5      | Found Gozag's Platinum Reserve.
  4233 | D:6      | Noticed Sigmund
  4502 | D:5      | Reached XP level 9. HP: 29/70 MP: 9/9
  4663 | D:6      | Killed Sigmund
  4924 | D:6      | Reached skill level 10 in Armour
  5006 | D:6      | Noticed Grum
  5014 | D:6      | Killed Grum
  5042 | D:6      | Reached skill level 5 in Shields
  5604 | D:7      | Found a staircase to the Ecumenical Temple.
  5683 | Temple   | Entered the Ecumenical Temple
  5703 | Temple   | Became a worshipper of Warmaster Okawaru
  5808 | D:7      | Reached XP level 10. HP: 62/77 MP: 10/10
  6594 | D:8      | Reached skill level 5 in Fighting
  6849 | D:8      | Found a transporter.
  6855 | D:8      | Found Piup's Armour Shop.
  6939 | D:8      | Reached * piety under Okawaru
  7048 | D:8      | Found a transporter.
  7067 | D:8      | Bought a +1 cloak of willpower for 214 gold pieces
  7583 | D:8      | Identified the +7 chain mail of Midwinter {Str+2 Int+2}
  7610 | D:9      | Noticed Jeremiah
  7652 | D:9      | Killed Jeremiah
  7796 | D:9      | Reached ** piety under Okawaru
  8183 | D:9      | Reached XP level 11. HP: 97/97 MP: 11/11
  8393 | D:10     | Entered Level 10 of the Dungeon
  8409 | D:10     | Reached skill level 10 in Shields
  8544 | D:10     | Reached *** piety under Okawaru
  9074 | D:10     | Found a transporter.
  9074 | D:10     | Noticed Malachi's ghost (journeyman VSBr)
  9074 | D:10     | Noticed a manticore
  9074 | D:10     | Noticed a moth of wrath
  9137 | D:10     | Found a transporter.
  9156 | D:10     | Killed a moth of wrath
  9157 | D:10     | Killed Malachi's ghost
  9157 | D:10     | Reached **** piety under Okawaru
  9159 | D:10     | Killed a manticore
  9185 | D:10     | Got Hair Ehae's Notes on Creeping Convocation
  9256 | D:10     | Identified the +1 chain mail "Gegia" {rF- rN+ Dex+3 Stlth+}
  9451 | D:10     | Found Xaleejom's Distillery.
  9481 | D:10     | Bought a potion of heal wounds for 65 gold pieces
  9582 | D:10     | Noticed a yaktaur captain
  9595 | D:10     | Killed a yaktaur captain
  9876 | D:11     | Noticed a manticore
  9886 | D:11     | Killed a manticore
  9886 | D:11     | Reached ***** piety under Okawaru
  9994 | D:11     | Noticed an oklob plant
  9999 | D:11     | Found a staircase to the Lair.
  9999 | D:11     | Noticed an oklob plant
 10021 | D:11     | Killed an oklob plant
 10022 | D:11     | Reached XP level 12. HP: 84/104 MP: 12/12
 10103 | D:11     | Noticed Urug
 10120 | D:11     | Killed Urug
 10438 | D:11     | Noticed a boulder beetle
 10458 | D:11     | Killed a boulder beetle
 11254 | D:11     | Reached skill level 10 in Fighting
 11394 | D:12     | Received a gift from Okawaru
 11577 | D:12     | Found a staircase to the Orcish Mines.
 12871 | D:13     | Noticed a catoblepas
 12895 | D:13     | Killed a catoblepas
 12896 | D:13     | Reached skill level 12 in Axes
 13051 | D:13     | Noticed a centaur warrior
 13060 | D:13     | Killed a centaur warrior
 13060 | D:13     | Received a gift from Okawaru
 13061 | D:13     | Reached XP level 13. HP: 107/118 MP: 13/13
 13270 | D:13     | Reached skill level 13 in Axes
 13776 | D:12     | Reached skill level 14 in Axes
 14226 | D:13     | Found a gate to the Vaults.
 14226 | D:13     | Noticed a vault guard
 14226 | D:13     | Noticed a vault guard
 14226 | D:13     | Noticed a vault guard
 14226 | D:13     | Noticed a vault guard
 14227 | D:13     | Noticed a vault guard
 14227 | D:13     | Noticed a vault guard
 14227 | D:13     | Noticed a vault guard
 14227 | D:13     | Noticed a vault guard
 14238 | D:13     | Killed a vault guard
 14251 | D:13     | Killed a vault guard
 14269 | D:13     | Killed a vault guard
 14280 | D:13     | Killed a vault guard
 14281 | D:13     | Reached skill level 15 in Axes
 14299 | D:13     | Killed a vault guard
 14588 | D:12     | Killed a vault guard
 14588 | D:12     | Reached ****** piety under Okawaru
 14591 | D:12     | Acquired a +6 broad axe of draining
 14591 | D:12     | Received a gift from Okawaru
 14597 | D:12     | Acquired the +1 pair of boots of Rationality {rPois rC++
                  | Dex-5}
 14597 | D:12     | Received a gift from Okawaru
 14643 | D:13     | Killed a vault guard
 14650 | D:13     | Killed a vault guard
 14937 | D:13     | Reached skill level 16 in Axes
 14953 | D:13     | Slain by a skeletal warrior

Illustrated notes

Levels and vault maps discovered:
D:1:      dpeg_arrival_rooms_c, layout_rooms, wad_floor_pattern_1
D:2:      layout_loops_ring, nicolae_ecumenical_oubliette
D:3:      layout_rooms, chequers_serial_rivers_micro_e, chequers_jeans,
          uniq_jessica
D:4:      minmay_bubble_buster, layout_cave_pools,
          nicolae_overflow_crystal_walls, uniq_pikel
D:5:      layout_basic, kennysheep_little_box, nicolae_gozag_zags_fifth_avenue
D:6:      layout_cave_pools, serial_gnoll_camp, gnoll_camp_mini_hut,
          grums_kennel, gnoll_camp_mini_doghouse, gnoll_camp_mini_hut,
          gnoll_camp_mini_doghouse, uniq_sigmund
D:7:      layout_loops_ring, minmay_temple_entry_grid
D:8:      layout_loops_ring, serial_shops, nicolae_shop_drivethru,
          nicolae_water_bricks
D:9:      layout_long_grid, uniq_jeremiah
D:10:     layout_irregular_city, serial_shops, kennysheep_mini_moat,
          gammafunk_ghost_berserking_beasts, minmay_three_doors
D:11:     layout_roguey, dpeg_oklobed_lair, minmay_fractal_squares_gapless_5,
          uniq_urug
D:12:     layout_irregular_city, david_orc_4
D:13:     layout_basic, erik_vaults_2
Temple:   hellmonk_temple_of_storms

Skill      XL: |  1  2  3  4  5  6  7  8  9 10 11 12 13 |
---------------+----------------------------------------+-----
Axes           | 3 4 5 6 8 11 12 16 | 16.0
Armour         | 4 8 10 13 | 13.4
Shields        | 7 9 11 13 | 13.5
Fighting       | 9 12 | 12.0

Action                     |  1- 3 |  4- 6 |  7- 9 | 10-12 | 13-15 || total
---------------------------+-------+-------+-------+-------+-------++-------
  Melee: War axe           |   108 |   156 |   298 |   709 |   170 ||  1441
         Broad axe         |       |       |       |       |    37 ||    37
 Invoke: Heroism           |       |       |       |     1 |     4 ||     5
         Receive Weapon    |       |       |       |       |     1 ||     1
         Receive Armour    |       |       |       |       |     1 ||     1
    Use: Scroll            |     4 |     2 |     6 |     9 |     2 ||    23
         Potion            |       |     2 |       |     5 |     3 ||    10
   Stab: Invisible         |       |       |       |    12 |       ||    12
 Armour: Scale mail        |    84 |   145 |    53 |       |       ||   282
         Plate armour      |       |       |   197 |    78 |       ||   275
         Chain mail        |       |       |       |   516 |   199 ||   715
  Dodge: Dodged            |    47 |    87 |    87 |   235 |    73 ||   529
  Block: Buckler           |    33 |    48 |    79 |   235 |    54 ||   449

Table legend: (Time is in decaauts)
 A = Elapsed time spent in this place.
 B = Non-inter-level travel time spent in this place.
 C = Inter-level travel time spent in this place.
 D = Time resting spent in this place.
 E = Time spent auto-exploring this place.
 F = Levels seen in this place.
 G = Mean time per level.
                   A        B        C        D        E       F      G
               +--------+--------+--------+--------+--------+-----+--------+
         Total |  14965 |  14750 |    215 |   3625 |   7872 |  14 | 1068.9 |
       Dungeon |  14919 |  14704 |    215 |   3625 |   7872 |  13 | 1147.6 |
        Temple |     45 |     45 |      0 |      0 |      0 |   1 |   45.0 |
               +--------+--------+--------+--------+--------+-----+--------+

Top non-repeatable levels by time:
    D:12: 2492 daAuts
     D:5: 1492 daAuts
    D:11: 1311 daAuts
    D:10: 1297 daAuts
    D:13: 1222 daAuts
     D:8: 1175 daAuts
     D:3: 1020 daAuts
     D:6: 999 daAuts
     D:9: 964 daAuts
     D:4: 808 daAuts
     D:7: 781 daAuts
     D:2: 701 daAuts
     D:1: 651 daAuts
  Temple: 45 daAuts
